 Dungeon Crawl Stone Soup version 0.23-a0-295-g2e428d4 (webtiles) character file.

34 Amnesiac the Magician (level 3, -3/24 HPs)
             Began as a Mummy Wizard on Oct 4, 2018.
             Slain by a worker ant (5 damage)
             ... on level 5 of the Dungeon.
             The game lasted 00:03:26 (1249 turns).

Amnesiac the Magician (Mummy Wizard)                Turns: 1249, Time: 00:03:26

Health: -3/24      AC:  2    Str: 10    XL:     3   Next: 14%
Magic:  2/10       EV: 12    Int: 18    God:
Gold:   22         SH:  0    Dex: 10    Spells: 2/13 levels left

rFire    x . .     SeeInvis .   e - +0 dagger
rCold    + . .     Gourm    .   (no shield)
rNeg     + + +     Faith    .   a - +0 robe
rPois    ∞         Spirit   .   (no helmet)
rElec    .         Reflect  .   (no cloak)
rCorr    .         Harm     .   (no gloves)
MR       .....                  (no boots)
Stlth    ++........             (no amulet)
HPRegen  0.08/turn              (no ring)
MPRegen  0.12/turn              (no ring)

@: about to teleport, very slightly contaminated
A: no food or potions, fire vulnerability, cold resistance 1, negative energy
resistance 3, torment resistance, unbreathing
a: no special abilities


You were on level 5 of the Dungeon.
You were not hungry.

You visited 1 branch of the dungeon, and saw 5 of its levels.

You collected 22 gold pieces.

Inventory:

Hand Weapons
 e - a +0 dagger (weapon)
Armour
 a - a +0 robe (worn)
Wands
 i - a wand of clouds (4)
Scrolls
 b - 2 scrolls of remove curse {!r, unknown}
 c - 2 scrolls of identify {!r, unknown}


   Skills:
 - Level 1.5 Dodging
 - Level 1.5 Stealth
 + Level 5.5 Spellcasting
 - Level 0.7 Conjurations
 - Level 0.7 Summonings
 - Level 0.7 Translocations


You had 2 spell levels left.
You knew the following spells:

 Your Spells              Type           Power        Failure   Level  Hunger
a - Magic Dart            Conj           #...         10%         1    N/A
b - Call Imp              Summ           #.......     14%         2    N/A
e - Mephitic Cloud        Conj/Pois/Air  #.......     34%         3    N/A
s - Conjure Flame         Conj/Fire      #.......     32%         3    N/A
v - Blink                 Tloc           N/A          14%         2    N/A

Your spell library contained the following spells:

 Spells                   Type           Power        Failure   Level  Hunger
 Slow                     Hex            #.......     19%         2    N/A
 Sticks to Snakes         Tmut           #.......     19%         2    N/A
 Beastly Appendage        Tmut           Unusable     N/A         1    N/A
 Spider Form              Tmut/Pois      Unusable     N/A         3    N/A
 Ice Form                 Ice/Tmut       Unusable     N/A         4    N/A
 Blade Hands              Tmut           Unusable     N/A         5    N/A

Dungeon Overview and Level Annotations

Branches:
Dungeon (5/15)
 Temple: D:4-7

Altars:
Xom
Zin

Annotations:
D:3 3 runed doors, Mgcat's ghost, novice GrVM


Innate Abilities, Weirdness & Mutations

You do not eat or drink.
Your flesh is vulnerable to fire.
You are immune to poison.
Your flesh is cold resistant. (rC+)
You are immune to negative energy. (rN+++)
You are immune to unholy pain and torment.
You can survive without breathing.


Message History

The jackal is severely wounded.
The jackal bites you.
* * * LOW HITPOINT WARNING * * *
The jackal bites you but does no damage.
Casting: Magic Dart (safe; 10% risk of failure)
Confirm with . or Enter, or press ? or * to list all spells.
You don't have enough magic to cast that spell.
Casting: Magic Dart (safe; 10% risk of failure)
Confirm with . or Enter, or press ? or * to list all spells.
You don't have enough magic to cast that spell.
You hit the jackal but do no damage.
The jackal is severely wounded.
The jackal closely misses you.
The jackal bites you but does no damage.
You barely miss the jackal.
The jackal is severely wounded.
The jackal bites you.
* * * LOW HITPOINT WARNING * * *
The jackal bites you.
* * * LOW HITPOINT WARNING * * *
The jackal barely misses you.
Casting: Magic Dart (safe; 10% risk of failure)
Confirm with . or Enter, or press ? or * to list all spells.
You don't have enough magic to cast that spell.
You hit the jackal but do no damage.
The jackal is severely wounded.
The jackal closely misses you. The jackal completely misses you.
You hit the jackal but do no damage.
The jackal is severely wounded.
The jackal barely misses you. The jackal bites you.
* * * LOW HITPOINT WARNING * * *
The jackal bites you.
* * * LOW HITPOINT WARNING * * *
You can't drink.
Really read
h - a scroll labeled RUYWEGG QEEPS {!r}?
As you read the scroll labeled RUYWEGG QEEPS {!r}, it crumbles to dust.
The creatures around you are filled with an inner flame!
It was a scroll of immolation {!r}.
The jackal closely misses you. The jackal bites you.
* * * LOW HITPOINT WARNING * * *
The jackal bites you but does no damage.
Really read
g - a scroll labeled ZYIV ZINWOU {!r}? [Y]es or [N]o only, please.
Really read
g - a scroll labeled ZYIV ZINWOU {!r}?
Blink to where?
Press: ? - help, Dir - move target cursor, p - jackal You are very lightly contaminated with residual magic.
As you read the scroll labeled ZYIV ZINWOU {!r}, it crumbles to dust.
It was a scroll of blinking {!r}.
Found a stone staircase leading down.
There is a stone staircase leading down here.
Unknown command.
You climb downwards.
A worker ant and an orc come into view.
There is a stone staircase leading up here.
The worker ant twitches its antennae in your direction.
Really read
f - a scroll labeled KENISCH BIROH {!r}?
As you read the scroll labeled KENISCH BIROH {!r}, it crumbles to dust.
The scroll dissolves into smoke.
It was a scroll of fog {!r}.
Really read
d - a scroll labeled ASHRUA BOEWN {!r}?
As you read the scroll labeled ASHRUA BOEWN {!r}, it crumbles to dust.
You feel strangely unstable.
It was a scroll of teleportation {!r}.
The worker ant bites you.
You die...

### ≈≈# ##
#≈## +.. +..#
#.≈#+#≈.#
..#.≈≈.≈≈.####
.......§.§§..#
........§§####
#..o....§@#
#....#.§a§#
.....#..§§#
#.#. #....# .
# ##...# .....
#..### #.#


You could see a worker ant and an orc.

Vanquished Creatures
  A worm (D:1)
  3 leopard geckos
  2 orcs (D:4)
  5 bats
  2 giant cockroaches (D:1)
  4 goblins (D:1)
  3 hobgoblins (D:1)
  A quokka (D:2)
  2 kobolds
  2 rats (D:1)
25 creatures vanquished.

Notes
Turn   | Place    | Note
-------+----------+-------------------------------------------
     0 | D:1      | Amnesiac the Mummy Wizard began the quest for the Orb.
     0 | D:1      | Reached XP level 1. HP: 13/13 MP: 5/5
     0 | D:1      | Noticed a gargoyle
     2 | D:1      | Noticed a ghoul
    16 | D:1      | Noticed a minotaur
    18 | D:1      | Noticed a draconian
    20 | D:1      | Noticed a troll
   274 | D:1      | Reached XP level 2. HP: 19/19 MP: 1/7
   278 | D:1      | Learned a level 2 spell: Blink
   281 | D:1      | Learned a level 2 spell: Call Imp
   529 | D:1      | Reached skill level 5 in Spellcasting
   764 | D:2      | Found a glowing silver altar of Zin.
   764 | D:2      | Found a shimmering altar of Xom.
   765 | D:2      | Noticed an angel
  1080 | D:2      | Reached XP level 3. HP: 23/24 MP: 2/9
  1085 | D:2      | Learned a level 3 spell: Conjure Flame
  1089 | D:2      | Learned a level 3 spell: Mephitic Cloud
  1156 | D:3      | Noticed Mgcat's ghost (novice GrVM)
  1165 | D:3      | Found a runed gate.
  1165 | D:3      | Found a runed gate.
  1165 | D:3      | Found a runed gate.
  1235 | D:4      | HP: 1/24 [jackal (1)]
  1245 | D:5      | Entered Level 5 of the Dungeon
  1249 | D:5      | Slain by a worker ant

Vault maps used:
D:1:      shiori_arrival_whats_in_store_for_you
D:2:      grunt_temple_overflow_order_and_chaos_1, grunt_gozag_breadcrumbs
D:3:      nicolae_dithmenos_shadow_blocks, lemuel_crystal_altar,
          gammafunk_ghost_split, first_ration
D:4:      lemuel_round_altar, marbit_many_paths, portal_sewer_entry_e,
          minmay_snake_closets, uniq_natasha
D:5:      serial_shops, kennysheep_mini_moat, kennysheep_slug_shrine

Skill      XL: |  1  2 |
---------------+-------+-----
Spellcasting   | 5 |  5.5
Dodging        | |  1.5
Stealth        | |  1.5
Conjurations   | |  0.7
Summonings     | |  0.7
Translocations | |  0.7

Action                   || total
-------------------------++-------
Melee: Dagger            ||    15
       Unarmed           ||     4
 Cast: Magic Dart        ||    69
       Call Imp          ||     3
       Mephitic Cloud    ||     3
  Use: Scroll            ||     4
 Stab: Sleeping          ||     1
Armor: Robe              ||     9
Dodge: Dodged            ||    33

Table legend:
 A = Non-vault XP
 B = Vault XP
 C = Vault XP percentage of total XP
 D = Non-vault monster count
 E = Vault monster count
 F = Vault count percentage of total count
                 A         B        C        D         E       F
            +---------+---------+-------+---------+---------+-------
      Total |      49 |       0 |   0.0 |      25 |       0 |   0.0
            +---------+---------+-------+---------+---------+-------
        D:1 |      35 |       0 |   0.0 |      19 |       0 |   0.0
        D:2 |       7 |       0 |   0.0 |       3 |       0 |   0.0
        D:3 |       2 |       0 |   0.0 |       1 |       0 |   0.0
        D:4 |       5 |       0 |   0.0 |       2 |       0 |   0.0
            +---------+---------+-------+---------+---------+-------
